 Dungeon Crawl Stone Soup version 0.29.0-15-g675c0067aa (webtiles) character file.

Game seed: 13092409998451108363

42 qw the Sneak (level 3, -3/23 HPs)
             Began as a Gargoyle Delver on Sept 11, 2022.
             Killed from afar by Grinder (6 damage)
             ... with a puff of flame
             ... on level 4 of the Dungeon.
             The game lasted 00:00:12 (793 turns).

qw the Sneak (Gargoyle Delver)                       Turns: 793, Time: 00:00:13

Health: -3/23      AC:  6    Str: 17    XL:     3   Next: 56%
Magic:  3/3        EV: 11    Int: 10    God:
Gold:   23         SH:  0    Dex: 11    Spells: 2/2 levels left

rFire   . . .      SeeInvis .   a - +0 hand axe
rCold   . . .      Faith    .   (no shield)
rNeg    + . .      Spirit   .   b - +0 leather armour
rPois   inf        Reflect  .   (no helmet)
rElec   +          Harm     .   (no cloak)
rCorr   .          Rampage  .   (no gloves)
Will    .....                   (no boots)
Stlth   +++.......              (no amulet)
HPRegen 0.07/turn               (no ring)
MPRegen 0.08/turn               (no ring)

@: no status effects
A: sickness immunity, AC +3, negative energy resistance 1, electricity
resistance, torment resistance 1, petrification resistance
a: no special abilities


You were on level 4 of the Dungeon.
You visited 1 branch of the dungeon, and saw 2 of its levels.

You collected 23 gold pieces.


Innate Abilities, Weirdness & Mutations

You are immune to sickness and miasma.
Your stone body is resilient. (AC +3)
You are immune to poison.
You resist negative energy. (rN+)
You are resistant to electric shocks. (rElec)
You are resistant to unholy torment.
You are immune to petrification.


   Skills:
 - Level 3.2 Fighting
 + Level 3.5 Axes
 - Level 1.5 Dodging
 - Level 5.4 Stealth


You had 2 spell levels left.
You didn't know any spells.
Your spell library was empty.

Inventory:

Hand Weapons
 a - a +0 hand axe (weapon)
Armour
 b - a +0 leather armour (worn)
 c - a +0 ring mail
Jewellery
 e - an amulet of guardian spirit
Wands
 g - a wand of digging (3)
Scrolls
 d - 4 scrolls of teleportation {unknown}
 h - a scroll of enchant weapon {unknown}
Potions
 f - a potion of haste
 i - a potion of might {unknown}

Dungeon Overview and Level Annotations

Branches:
Dungeon (5/15)
 Temple: D:4-7

Altars:
The Shining One

Annotations:
D:4 Grinder


Message History

You hit Grinder but do no damage.
Grinder is moderately wounded.
Grinder gestures at you. You resist with significant effort.
Grinder hits you but does no damage.
You hit Grinder.
Grinder is moderately wounded.
Grinder says, "Don't move a muscle."
Grinder hits you but does no damage.
You barely miss Grinder.
Grinder is moderately wounded.
Grinder zaps a wand.
The puff of flame hits you.
You closely miss Grinder.
Grinder is moderately wounded.
Grinder closely misses you.
You completely miss Grinder.
Grinder is moderately wounded.
Grinder blinks!
Grinder blinks!
Grinder zaps a wand.
The puff of flame misses you. Grinder barely misses you.
You closely miss Grinder.
Grinder is moderately wounded.
Grinder hits you.
You writhe in agony.
You hit Grinder but do no damage.
Grinder is moderately wounded.
Grinder barely misses you.
You closely miss Grinder.
Grinder is moderately wounded.
Grinder hits you but does no damage.
You closely miss Grinder.
Grinder is moderately wounded.
Grinder gestures at you.
You barely resist.
Grinder zaps a wand.
The puff of flame hits you!
You closely miss Grinder.
Grinder is moderately wounded.
Grinder hits you.
You hit Grinder.
Grinder is moderately wounded.
Grinder zaps a wand.
The puff of flame hits you.
You die...

#########
#.......#####
#....5......#
#######
#.....@.....#
#.....#
#####.......#
#.###.#
#.......####...#.#
+...............>#
#.......######.#.#
#.......# #.#.#
#.......# #.#.#
#=(.....# #)#.#
######### #.#.#


You could see Grinder.

Vanquished Creatures
  A hound (D:4)
  An adder (D:4)
  An endoplasm (D:4)
  A giant cockroach (D:4)
  A quokka (D:4)
5 creatures vanquished.

Notes
Turn   | Place    | Note
-------+----------+-------------------------------------------
     0 | D:5      | qw the Gargoyle Delver began the quest for the Orb.
     0 | D:5      | Reached XP level 1. HP: 14/14 MP: 1/1
     0 | D:5      | 0 ||| qw: Version: 0.1-a-118-gb4e7ce6
     0 | D:5      | 0 ||| qw: Game counter: 10396
     0 | D:5      | 0 ||| qw: Always use a shield: true
     0 | D:5      | 0 ||| qw: God list: Okawaru
     0 | D:5      | 0 ||| qw: Allow faded altars: false
     0 | D:5      | 0 ||| qw: Do Orc after D:15 true
     0 | D:5      | 0 ||| qw: Do second Lair branch before Depths: true
     0 | D:5      | 0 ||| qw: Lair rune preference: random
     0 | D:5      | 0 ||| qw: Plans: Normal
     0 | D:5      | 0 ||| PLANNING D:1-11
    27 | D:5      | 27 ||| DROPPING scroll of fog.
    28 | D:5      | 28 ||| DROPPING scroll of magic mapping.
    29 | D:5      | 29 ||| DROPPING scroll of fear.
    39 | D:4      | 39 ||| PLANNING OSSUARY
   267 | D:4      | Reached XP level 2. HP: 10/19 MP: 2/2
   461 | D:4      | HP: 4/19 [hound (3)]
   463 | D:4      | Reached skill level 3 in Axes
   463 | D:4      | Reached XP level 3. HP: 4/23 MP: 3/3
   740 | D:4      | Found a glowing golden altar of the Shining One.
   749 | D:4      | 749 ||| RIP OSSUARY
   768 | D:4      | 768 ||| PLANNING D:1-11
   768 | D:4      | Noticed Grinder
   791 | D:4      | HP: 4/23 [Grinder/puff of flame (8)]
   793 | D:4      | Killed from afar by Grinder

Levels and vault maps discovered:
D:4:      layout_basic, mainiacjoe_overflow_alcove_4, enter_ossuary_5,
          hellmonk_ghost_happy_afterlife, minmay_quantized, uniq_menkaure,
          uniq_grinder
D:5:      layout_basic, nicolae_overflow_crystal_walls, makhleb_grotto_becter,
          kennysheep_flooded_box

Skill      XL: |  1  2 |
---------------+-------+-----
Axes           | 2 3 |  3.5
Fighting       | |  3.2
Dodging        | |  1.5
Stealth        | |  5.4

Action                   || total
-------------------------++-------
Melee: Hand axe          ||    44
 Stab: Sleeping          ||     1
Armor: Leather armour    ||    16
Dodge: Dodged            ||    23

Table legend:
 A = Non-vault XP
 B = Vault XP
 C = Vault XP percentage of total XP
 D = Non-vault monster count
 E = Vault monster count
 F = Vault count percentage of total count
                 A         B        C        D         E       F
            +---------+---------+-------+---------+---------+-------
      Total |      61 |       0 |   0.0 |       5 |       0 |   0.0
            +---------+---------+-------+---------+---------+-------
        D:4 |      61 |       0 |   0.0 |       5 |       0 |   0.0
            +---------+---------+-------+---------+---------+-------
